 Dungeon Crawl Stone Soup version 0.24.0-125-gc4c63601f3 (webtiles) character file.

Game seed: 13433519235563180083, levelgen mode: deterministic

4012860 Amplified the Hand of Fortune (level 27, 341/341 HPs)
             Began as a Demonspawn Venom Mage on Mar 12, 2020.
             Was the Champion of Nemelex Xobeh.
             Escaped with the Orb
             ... and 6 runes on Mar 13, 2020!
             The game lasted 03:08:42 (78674 turns).

Amplified the Hand of Fortune (DsVM)               Turns: 78674, Time: 03:08:43

Health: 341/341    AC: 37    Str: 17    XL:     27
Magic:  47/47      EV: 13    Int: 20    God:    Nemelex Xobeh [******]
Gold:   3230       SH: 31    Dex: 17    Spells: 31/57 levels left

rFire    + + +     SeeInvis +   a - +8 mithril axe "Arga" {speed, MR+}
rCold    + + +     Gourm    .   L - +8 large shield {rF+}
rNeg     + + +     Faith    .   I - +5 chain mail of the Tired Princes {rElec Int+2 Slay+5 SInv}
rPois    +         Spirit   .   (helmet unavailable)
rElec    +         Reflect  .   d - +4 dragonskin cloak
rCorr    +         Harm     .   N - +2 pair of gloves {Dex+3}
MR       +++..     Rnd*Rage +   b - +2 pair of boots
Stlth    ..........             z - amulet "Qouteb" {Inacc rPois rF+++ rC+++ Int-3}
HPRegen  0.66/turn              i - ring "Eclykeuv" {rElec rF+ rN++ Stlth-}
MPRegen  0.30/turn              k - ring of Pehul {rElec rCorr}

@: studying Necromancy
A: fangs 1, hooves 1, horns 3, rugged brown scales 3, berserk 1, clever 1,
clumsy 1, fire resistance 1, high mp 1, poison resistance, powered by death 3,
robust 3, shaggy fur 1, spiny 3
0: Orb of Zot
}: 6/15 runes: decaying, slimy, silver, abyssal, demonic, gossamer
a: Draw Escape, Draw Destruction, Draw Summoning, Triple Draw, Deal Four, Stack
Five, Renounce Religion


You escaped.
You worshipped Nemelex Xobeh.
Nemelex Xobeh was exalted by your worship.
You were not hungry.

You visited 12 branches of the dungeon, and saw 58 of its levels.
You visited Pandemonium 1 time, and saw 5 of its levels.
You visited the Abyss 5 times.
You visited 1 bazaar.
You visited 1 ziggurat, and saw 12 of its levels.
You also visited: Bailey, Ice Cave and Volcano.

You collected 9922 gold pieces.
You spent 6692 gold pieces at shops.

Inventory:

Hand Weapons
 a - the +8 mithril axe "Arga" (weapon) {speed, MR+}
   (You found it on level 5 of the Pits of Slime)

   Attacks with this weapon are significantly faster.
   It affects your resistance to hostile enchantments.
 S - the +9 fustibalus "Sychu" {flame, rElec Int+3}
   (You bought it in a shop on level 9 of the Dungeon)

   It causes projectiles fired from it to burn those they strike, causing extra
   injury to most foes and up to half again as much damage against particularly
   susceptible opponents.
   It affects your intelligence (+3).
   It insulates you from electricity.
Missiles
 f - 401 stones
 l - 155 sling bullets
 v - a curare-tipped dart (quivered)
Armour
 b - a +2 pair of boots (worn)
 d - the +4 dragonskin cloak (worn)
   (You took it off Tiamat on level 2 of the Realm of Zot)
 r - the +8 chain mail of Gluttony {rPois rF- rN+++ Str+3}
   (You found it on level 9 of the Dungeon)

   It affects your strength (+3).
   It makes you vulnerable to fire.
   It protects you from poison.
   It renders you almost immune to negative energy.
 I - the +5 chain mail of the Tired Princes (worn) {rElec Int+2 Slay+5 SInv}
   (You found it on level 9 of the Dungeon)

   It affects your intelligence (+2).
   It affects your accuracy and damage with ranged weapons and melee attacks
   (+5).
   It insulates you from electricity.
   It lets you see invisible.
 L - a +8 large shield of fire resistance (worn)
 N - a +2 pair of gloves of dexterity (worn)
 O - +4 gold dragon scales
Jewellery
 g - the ring of Goeneqeu {*Drain rElec rPois rF+}
   (You took it off a deep elf sorcerer on level 5 of the Vaults)

   [ring of poison resistance]

   It protects you from fire.
   It insulates you from electricity.
   It protects you from poison.
   It causes draining when unequipped.
 i - the ring "Eclykeuv" (left hand) {rElec rF+ rN++ Stlth-}
   (You took it off a kobold on level 12 of the Dungeon)

   [ring of protection from fire]

   It protects you from fire.
   It insulates you from electricity.
   It greatly protects you from negative energy.
   It makes you less stealthy.
 k - the ring of Pehul (right hand) {rElec rCorr}
   (You found it on level 4 of a ziggurat)

   [ring of resist corrosion]

   It insulates you from electricity.
   It provides partial protection from all sources of acid and corrosion.
 p - the ring of Freedom {rPois rN++ MR- EV+2 Str+4}
   (You took it off a balrug in Pandemonium)

   [ring of evasion]

   It affects your evasion (+2).
   It affects your strength (+4).
   It protects you from poison.
   It greatly protects you from negative energy.
   It affects your resistance to hostile enchantments.
 q - an uncursed ring of poison resistance
 z - the amulet "Qouteb" (around neck) {Inacc rPois rF+++ rC+++ Int-3}
   (You found it on level 6 of a ziggurat)

   [amulet of inaccuracy]

   It reduces the accuracy of all your attacks.
   It affects your intelligence (-3).
   It renders you almost immune to fire.
   It renders you almost immune to cold.
   It protects you from poison.
 P - a +5 amulet of reflection
 T - the amulet of the Present {+Blink +Rage rC+}
   (You found it on level 3 of the Elven Halls)

   [amulet of rage]

   It protects you from cold.
   It lets you blink.
   It lets you go berserk.
Wands
 h - a wand of digging (10)
 B - a wand of disintegration (21)
 F - a wand of paralysis (10)
 Q - a wand of acid (17)
 V - a wand of polymorph (9)
 X - a wand of clouds (11)
 Y - a wand of iceblast (77)
Scrolls
 e - 13 scrolls of identify
 m - 29 scrolls of teleportation
 o - 20 scrolls of amnesia
 t - 39 scrolls of remove curse
 u - 6 scrolls of fog
 x - 2 scrolls of summoning
 G - 7 scrolls of magic mapping
 J - 11 scrolls of fear
 K - 5 scrolls of silence
 Z - 2 scrolls of enchant weapon
Potions
 j - 12 potions of flight
 n - 7 potions of magic
 s - 7 potions of brilliance
 w - 6 potions of ambrosia
 A - 7 potions of cancellation
 C - 5 potions of heal wounds
 D - 3 potions of mutation
 E - 5 potions of resistance
 W - 10 potions of curing
Books
 U - a manual of Necromancy
Miscellaneous
 H - a lamp of fire
Comestibles
 c - 55 rations


   Skills:
 O Level 27 Fighting
 - Level 16.8(18.2) Axes
   Level 1.0(11.4) Maces & Flails
   Level 12.4(16.0) Polearms
 - Level 14.5 Slings
 * Level 18.9 Armour
 - Level 10.1 Dodging
 - Level 1.7 Stealth
 * Level 21.9 Shields
 * Level 15.9 Spellcasting
 - Level 1.0 Conjurations
 - Level 7.8 Necromancy
 * Level 17.4 Fire Magic
 - Level 2.1 Air Magic
 - Level 13.6 Poison Magic
 O Level 27 Invocations


You had 31 spell levels left.
You knew the following spells:

 Your Spells              Type           Power        Failure   Level  Hunger
a - Sting                 Conj/Pois      ####         1%          1    None
b - Poisonous Vapours     Pois/Air       #####.       1%          2    None
c - Summon Lightning Spi  Summ/Air       ###.....     89%         4    None
d - Dispel Undead         Necr           #####...     32%         5    ###....
e - Ignition              Fire           ######....   83%         8    #######
f - Blink                 Tloc           N/A          43%         2    None
g - Apportation           Tloc           ###...       30%         1    None
h - Regeneration          Chrm/Necr      ####......   19%         3    None

Your spell library contained the following spells:

 Spells                   Type           Power        Failure   Level  Hunger
 Animate Skeleton         Necr           N/A          1%          1    None
 Flame Tongue             Conj/Fire      #####        1%          1    None
 Pain                     Necr           ####         1%          1    None
 Corpse Rot               Necr           N/A          1%          2    None
 Sublimation of Blood     Necr           #####.....   1%          2    None
 Throw Flame              Conj/Fire      ######       1%          2    None
 Conjure Flame            Conj/Fire      ######..     1%          3    None
 Ignite Poison            Fire/Tmut/Pois ######..     1%          3    None
 Olgreb's Toxic Radiance  Pois           ######..     1%          4    None
 Inner Flame              Hex/Fire       ######..     2%          3    None
 Vampiric Draining        Necr           #####.....   3%          3    None
 Spider Form              Tmut/Pois      #####.....   5%          3    None
 Sticky Flame             Conj/Fire      ######..     7%          4    None
 Mephitic Cloud           Conj/Pois/Air  #####...     10%         3    None
 Animate Dead             Necr           N/A          12%         4    None
 Shock                    Conj/Air       ###.         16%         1    None
 Fireball                 Conj/Fire      ######....   19%         5    ###....
 Magic Dart               Conj           ###.         21%         1    None
 Beastly Appendage        Tmut           ###...       30%         1    None
 Confusing Touch          Hex            ###...       30%         1    None
 Corona                   Hex            ###....      30%         1    None
 Freeze                   Ice            ###.         30%         1    None
 Infusion                 Chrm           ###.         30%         1    None
 Sandblast                Erth           ###...       30%         1    None
 Summon Butterflies       Summ           ###.....     30%         1    None
 Summon Small Mammal      Summ           ###.         30%         1    None
 Searing Ray              Conj           ###...       30%         2    None
 Swiftness                Chrm/Air       ###.....     30%         2    None
 Agony                    Necr           #####...     32%         5    ###....
 Throw Frost              Conj/Ice       ###...       36%         2    None
 Venom Bolt               Conj/Pois      #####.....   38%         5    ###....
 Call Imp                 Summ           ###.....     43%         2    None
 Ensorcelled Hibernation  Hex/Ice        ###...       43%         2    None
 Passwall                 Tmut/Erth      ###.....     43%         2    None
 Shroud of Golubria       Chrm/Tloc      ###...       43%         2    None
 Slow                     Hex            ###.....     43%         2    None
 Song of Slaying          Chrm           ###.....     43%         2    None
 Sticks to Snakes         Tmut           ###.....     43%         2    None
 Static Discharge         Conj/Air       ###.....     43%         3    None
 Alistair's Intoxication  Tmut/Pois      #####...     45%         5    ###....
 Bolt of Magma            Conj/Fire/Erth #####.....   56%         5    ###....
 Dazzling Spray           Conj/Hex       ###...       58%         3    None
 Stone Arrow              Conj/Erth      ###...       58%         3    None
 Call Canine Familiar     Summ           ###.....     67%         3    None
 Confuse                  Hex            ###.....     67%         3    None
 Gell's Gravitas          Tloc           ###.......   67%         3    None
 Lesser Beckoning         Tloc           ###.......   67%         3    None
 Ozocubu's Armour         Chrm/Ice       ###.....     67%         3    None
 Portal Projectile        Hex/Tloc       ###...       67%         3    None
 Recall                   Summ/Tloc      N/A          67%         3    None
 Spectral Weapon          Hex/Chrm       ###.....     67%         3    None
 Summon Guardian Golem    Hex/Summ       ###.....     67%         3    None
 Teleport Other           Tloc           ###.....     67%         3    None
 Tukima's Dance           Hex            ###.....     67%         3    None
 Airstrike                Air            ###.......   78%         4    None
 Bolt of Draining         Conj/Necr      ####......   80%         5    ###....
 Borgnjor's Vile Clutch   Necr/Erth      ####......   86%         5    ###....
 Excruciating Wounds      Chrm/Necr      ####......   86%         5    ###....
 Death Channel            Necr           #####.....   88%         6    #####..
 Iskenderun's Mystic Bla  Conj           ###.....     90%         4    None
 Force Lance              Conj/Tloc      ###.....     94%         4    None
 Fulminant Prism          Conj/Hex       ###.......   94%         4    None
 Throw Icicle             Conj/Ice       ###.....     94%         4    None
 Cause Fear               Hex            ###.......   97%         4    None
 Ice Form                 Ice/Tmut       ###.....     97%         4    None
 Leda's Liquefaction      Hex/Erth       ###.......   97%         4    None
 Petrify                  Tmut/Erth      ###.....     97%         4    None
 Summon Ice Beast         Ice/Summ       ###.....     97%         4    None
 Lightning Bolt           Conj/Air       ###.......   99%         5    ###....
 Silence                  Hex/Air        ###.......   99%         5    ###....
 Blade Hands              Tmut           ###.......   100%        5    ###....
 Irradiate                Conj/Tmut      ###.......   100%        5    ###....
 Iskenderun's Battlesphe  Conj/Chrm      ###.....     100%        5    ###....
 Summon Forest            Summ/Tloc      ###.......   100%        5    ###....
 Summon Mana Viper        Hex/Summ       ###.....     100%        5    ###....
 Yara's Violent Unravell  Hex/Tmut       ###.......   100%        5    ###....
 Deflect Missiles         Chrm/Air       ###.......   100%        6    #####..
 Dispersal                Tloc           ###.......   100%        6    #####..
 Freezing Cloud           Conj/Ice/Air   ###.......   100%        6    #####..
 Hydra Form               Tmut           ###.......   100%        6    #####..
 Invisibility             Hex            ###.....     100%        6    #####..
 Iron Shot                Conj/Erth      ###.......   100%        6    #####..
 Ozocubu's Refrigeration  Ice            ###.......   100%        6    #####..
 Simulacrum               Ice/Necr       ####......   100%        6    #####..
 Statue Form              Tmut/Erth      ###......    100%        6    #####..
 Dragon Form              Tmut           ###.......   100%        7    ######.
 Haunt                    Necr/Summ      ####......   100%        7    ######.
 Malign Gateway           Summ/Tloc      ###.......   100%        7    ######.
 Orb of Destruction       Conj           ###.......   100%        7    ######.
 Ring of Flames           Chrm/Fire      ######....   100%        7    ######.
 Spellforged Servitor     Conj/Summ      ###.......   100%        7    ######.
 Summon Hydra             Summ           ###.......   100%        7    ######.
 Borgnjor's Revivificati  Necr           #####.....   100%        8    #######
 Controlled Blink         Tloc           N/A          100%        8    #######
 Death's Door             Chrm/Necr      ####......   100%        8    #######
 Discord                  Hex            ###.......   100%        8    #######
 Disjunction              Tloc           ###.......   100%        8    #######
 Infestation              Necr           #####.....   100%        8    #######
 Necromutation            Tmut/Necr      ####......   100%        8    #######
 Shatter                  Erth           ###.......   100%        9    #######
 Tornado                  Air            ###.......   100%        9    #######
 Passage of Golubria      Tloc           Unusable     N/A         4    N/A

Dungeon Overview and Level Annotations

Branches:
Dungeon (15/15)            Temple (0/1) D:7            Lair (6/6) D:11
  Swamp (4/4) Lair:3       Spider (4/4) Lair:4        Slime (5/5) Lair:5
    Orc (2/2) D:10            Elf (3/3) Orc:2        Vaults (5/5) D:13
  Crypt (3/3) Vaults:3       Tomb (0/3) Crypt:3      Depths (5/5) D:15
   Hell (visited)             Zot (5/5) Depths:5     Bailey (visited)
  IceCv (visited)         Volcano (visited)
    Dis: Hell:1         Geh: Hell:1         Coc: Hell:1         Tar: Hell:1

Altars:
Ashenzari
Cheibriados
Elyvilon
Fedhas
Gozag
Kikubaaqudgha
Makhleb
Nemelex Xobeh
Qazlal
Trog
Uskayaw
Vehumet
Xom
The Shining One
Beogh
Jiyva

Shops:
D:9 (   D:12 =   D:13 :   Orc:1 (   Orc:2 (:[*   Elf:1 [!%   Vaults:4 [
Depths:2 (

Portals:
Hell: Depths:1 Depths:2 Depths:3 Depths:4 Depths:5
Abyss: Depths:1 Depths:4 Depths:5
Pandemonium: Depths:3

Annotations:
D:9 Ziggurat Clearer. Nemelex to Makhleb later game
Swamp:2 Roxanne
Vaults:4 Crypt, Depths, get Spells slowly going.
Depths:5
Hell too difficult.
Hell Geryon, Murray
Zot:5 2 transporters, dracomuter's ghost, legendary TrCK


Innate Abilities, Weirdness & Mutations

You have a pair of large horns on your head.
You are completely covered in rugged brown scales. (AC +3, +7% HP)
You regenerate a lot of health from kills.
You are extremely robust. (+30% HP)
You are completely covered in sharp spines.
You have very sharp teeth.
You have large cloven feet.
You tend to lose your temper in combat.
Your mind is acute. (Int +2)
You are clumsy. (Dex -2)
Your flesh is heat resistant. (rF+)
You have an increased reservoir of magic. (+10% MP)
Your system is resistant to poisons. (rPois)
You are covered in fur. (AC +1)


Message History

(N) Spider Nest (M) Slime Pits (O) Orcish Mines (E) Elven Halls (V) Vaults (C) Crypt (W) Tomb (U) Depths (H) Hell (Z) Zot
Where to? (Enter - D:1, ? - help)
What level of the Dungeon? (default 1, ? - help)
There is an escape hatch in the ceiling here.
There is a stone staircase leading up here.
You climb upwards.
There is a stone staircase leading down here.
There is a stone staircase leading up here.
You climb upwards.
There is a stone staircase leading down here.
You see here 5 boomerangs.
There is a stone staircase leading up here.
You climb upwards.
There is a stone staircase leading down here.
f - 401 stones (gained 22)
There are no items here.
There is a staircase leading out of the dungeon here.
You have escaped!

#.###..##.....##.#
#.##..##......##.#
#.#..##.....#.##.# #####
#...##.....##[##.##
###..[######..##.....###)##...
###^..#........##.....##
#.#####
##...############.....## #.#
...####...........8..## #.#
.### #.........@...## ##.# ##
#...........>..## #..#
####.#########.....####.######
#............##.....##........
#.##############.....#########
#.# ##.....## # #.# ###.....##
# #.# #.##.....# # #.#
#.###....# #


There were no monsters in sight!

Vanquished Creatures
  4 pandemonium lords
  the Royal Jelly (Slime:5)
  Tiamat (Zot:2)
  5 orbs of fire
  6 ancient liches
  Mara (Elf:3)
  A juggernaut (Zot:2)
  Saint Roka (Vaults:5)
  6 Killer Klowns
  The ghost of Giur the Necromancer, a veteran TrFi of Sif Muna (Depths:3)
  A shard shrike (Vaults:5)
  2 caustic shrikes (Depths:5)
  A curse toe (Zot:3)
  13 golden dragons
  3 profane servitors
  Jory (Vaults:5)
  3 bone dragons
  Arachne (Spider:2)
  Nikola (Spider:2)
  A pearl dragon (Pan)
  4 Tzitzimimeh
  A Brimstone Fiend (Pan)
  An iron giant (Zig:11)
  2 electric golems
  Jorgrun (D:14)
  3 hellephants
  2 Ice Fiends (Pan)
  The ghost of Amplified the Warrior, an adept DrCj of Vehumet (Spider:4)
  Rupert (Lair:6)
  10 liches
  3 deep elf blademasters
  7 Hell Sentinels
  23 Orb Guardians
  Asterion (Spider:4)
  4 titans (Vaults:5)
  27 tentacled monstrosities
  2 ancient champions
  23 acid blobs
  4 Executioners
  A deep elf master archer (Elf:3)
  9 death cobs
  4 sphinxes
  7 quicksilver dragons
  Agnes (Spider:2)
  14 tentacled starspawn
  8 tengu reavers
  16 storm dragons
  3 thorn hunters
  7 shadow dragons
  Donald (Orc:2)
  2 revenants
  9 fire giants
  6 draconian monks
  21 azure jellies
  A daeva (Abyss:1)
  7 deep elf sorcerers
  8 draconian knights
  8 frost giants
  14 ghost moths
  5 draconian scorchers
  9 emperor scorpions
  Aizul (Swamp:3)
  5 iron dragons
  9 draconian shifters
  A curse skull (Crypt:3)
  17 vault wardens
  3 balrugs
  An orc warlord (Orc:2)
  7 cacodemons
  5 deep elf elementalists
  9 warmongers
  14 ironheart preservers
  38 very ugly things
  4 draconian stormcallers
  11 war gargoyles
  11 draconian annihilators
  2 reapers
  2 spriggan defenders
  4 entropy weavers
  8 ghouls
  15 stone giants
  16 vampire knights
  4 blood saints
  5 apis
  3 black suns (Pan)
  A corrupter (Pan)
  13 green draconians
  12 black draconians
  7 deep elf demonologists
  6 lorocyprocas
  18 dire elephants
  6 purple draconians
  3 minotaurs
  16 white draconians
  8 red draconians
  7 blizzard demons
  8 deep elf annihilators
  5 spark wasps
  4 eidola
  11 yellow draconians
  5 green deaths
  10 deep elf death magi
  2 crystal guardians (Depths:4)
  7 death oozes
  13 ettins
  Snorg (Lair:6)
  13 fire dragons
  Josephine (Orc:2)
  8 great orbs of eyes
  10 jiangshi
  2 deep elf high priests (Elf:3)
  12 yaktaur captains
  14 ice dragons
  12 rakshasas
  35 vault guards
  A quicksilver dragon skeleton (Crypt:1)
  11 ogre magi
  8 centaur warriors
  7 hell beasts
  2 juggernaut simulacra (Depths:4)
  A catoblepas (shapeshifter) (Vaults:5)
  7 spriggan air magi
  3 catoblepae
  34 hydras
  4 death knights
  5 shambling mangroves
  An alligator (shapeshifter) (Zig:3)
  An anaconda (Vaults:3)
  A satyr (Vaults:5)
  37 dancing weapons
  10 deep troll earth magi
  5 deep troll shamans
  11 alligators
  33 two-headed ogres
  8 death yaks (Lair:6)
  3 hell hogs (Abyss:4)
  3 orc high priests (Orc:2)
  2 tengu warriors
  3 shock serpents
  A titan zombie (Crypt:3)
  5 vampire magi
  A storm dragon zombie (Abyss:4)
  8 hell knights
  17 thrashing horrors
  Sonja (Lair:6)
  10 sun demons
  10 wretched stars
  12 spriggan berserkers
  An iron golem (Zig:11)
  11 soul eaters
  25 deep elf knights
  3 iron trolls (Depths:3)
  4 shadow wraiths
  A cherub (Zig:5)
  A fire crab (Zig:8)
  9 sixfirhies
  32 skeletal warriors
  3 spatial maelstroms
  3 unseen horrors
  12 flayed ghosts
  4 torturous demonspawn
  3 shadow demons
  10 swamp dragons
  4 spriggan druids
  An unseen horror (shapeshifter) (Depths:3)
  An infernal demonspawn (Pan)
  21 deep trolls
  6 wizards
  5 glowing orange brains
  A harpy (shapeshifter) (Zig:12)
  14 orc knights
  3 lindwurms
  19 harpies
  A lindwurm (shapeshifter) (Zig:12)
  21 deep elf archers
  12 ironbrand convokers
  4 necromancers
  25 phantasmal warriors
  An anaconda skeleton (Abyss:4)
  A wolf spider zombie (D:14)
  2 mana vipers (shapeshifter)
  54 deep elf magi
  A fire giant zombie (Depths:2)
  38 wolf spiders
  8 cyclopes
  A salamander (Vaults:3)
  2 mana vipers
  6 orc sorcerers
  30 ugly things
  31 moths of wrath
  27 orb spiders
  A shadow dragon skeleton (Crypt:3)
  A faun (shapeshifter) (Depths:4)
  A faun (Vaults:3)
  A tengu skeleton (Vaults:5)
  5 manticores
  5 shining eyes
  A frost giant skeleton (Vaults:5)
  5 worldbinders
  2 centaur zombies
  15 vault sentinels
  8 elephants
  3 ice statues (IceCv)
  A guardian serpent (shapeshifter) (Depths:4)
  9 fire giant skeletons (Crypt:3)
  A naga mage (Depths:4)
  2 apocalypse crabs
  A black mamba (shapeshifter) (Vaults:5)
  5 eyes of devastation
  A guardian serpent (Abyss:4)
  20 spiny frogs
  5 torpor snails
  2 water nymphs
  9 black mambas
  16 smoke demons
  A stone giant skeleton (Depths:2)
  3 rust devils
  An elephant slug zombie (Crypt:2)
  7 gargoyles
  7 orange demons
  50 yaktaurs
  7 komodo dragons
  A dire elephant skeleton (Abyss:1)
  A spiny frog (shapeshifter) (Depths:3)
  10 hellions
  4 rime drakes
  15 demonic crawlers
  12 freezing wraiths
  4 ice devils
  3 efreet
  A kobold demonologist (D:8)
  16 ancient zymes
  4 tormentors
  11 trolls
  A green draconian skeleton (Crypt:1)
  6 hellwings
  3 tengu conjurers
  A jumping spider (shapeshifter) (Abyss:4)
  2 merfolk (Slime:4)
  A queen bee (Lair:1)
  A troll (shapeshifter) (Vaults:2)
  12 polar bears
  4 red devils
  A queen bee (shapeshifter) (Depths:3)
  28 jumping spiders
  A meliai (Lair:1)
  27 hornets
  55 large abominations
  A moth of wrath zombie (Crypt:1)
  A harpy skeleton (Crypt:3)
  8 tyrant leeches
  2 hornets (shapeshifter) (Depths:3)
  A polar bear (shapeshifter) (Vaults:3)
  27 blink frogs
  10 hippogriffs
  Grinder (D:6)
  23 raiju
  A slime creature (shapeshifter) (Depths:4)
  5 dream sheep (Lair:5)
  122 slime creatures
  A raiju (shapeshifter) (Vaults:2)
  An alligator zombie (Crypt:3)
  3 flying skulls (Abyss:4)
  14 spriggans
  38 starcursed masses
  16 bog bodies
  2 air elementals
  2 ettin skeletons (Crypt:3)
  A centaur simulacrum (D:14)
  8 ynoxinuls
  An ice dragon skeleton (Crypt:3)
  38 yaks
  A spriggan (shapeshifter) (Vaults:5)
  8 fire dragon skeletons (Crypt:3)
  A tarantella (shapeshifter) (Zig:12)
  A wyvern (shapeshifter) (Zig:12)
  8 shadows
  64 redbacks
  2 fire bats (Pan)
  48 tarantellas
  7 vampires
  2 water elementals
  17 wraiths
  16 humans (D:13)
  3 wyverns
  12 hungry ghosts
  Grum (D:8)
  3 fire elementals
  A golden eye (shapeshifter) (Elf:2)
  22 golden eyes
  3 basilisks
  10 chaos spawn
  A human (shapeshifter) (Elf:2)
  11 neqoxecs
  8 vampire mosquitoes
  2 steam dragons
  A soldier ant (D:12)
  A swamp worm (shapeshifter) (Depths:4)
  2 nagas
  2 human zombies
  16 wargs
  18 swamp worms
  An acid dragon (Vaults:1)
  A naga (shapeshifter) (Vaults:5)
  2 spatial vortices (Abyss:1)
  8 porcupines
  20 water moccasins
  2 spiny frog zombies
  2 floating eyes
  20 hell hounds
  An infernal demonspawn skeleton (Crypt:2)
  51 orc warriors
  14 swamp drakes
  An ice beast (shapeshifter) (Depths:3)
  12 eyes of draining
  9 ice beasts
  7 sky beasts
  A snapping turtle zombie (Crypt:3)
  11 black bears (Lair:6)
  2 necrophages
  14 boggarts
  2 eyes of draining (shapeshifter)
  2 phantoms
  A boggart (shapeshifter) (Depths:3)
  A tengu (Depths:1)
  14 wolves
  A snapping turtle skeleton (Crypt:2)
  A swamp dragon zombie (Crypt:2)
  45 ogres
  11 crocodiles
  A centaur (shapeshifter) (Vaults:5)
  14 centaurs
  2 big kobolds (shapeshifter)
  4 big kobolds
  3 hog skeletons
  19 bullfrogs
  4 earth elementals
  A gnoll sergeant (D:10)
  A cyclops skeleton (Crypt:1)
  5 scorpions
  A yak zombie (Crypt:2)
  A human simulacrum (Vaults:3)
  A troll zombie (Crypt:3)
  30 killer bees
  10 wights
  9 electric eels
  7 howler monkeys
  6 crimson imps
  3 bullfrog zombies
  7 hounds
  4 quasits
  3 bullfrog skeletons
  17 orc priests
  7 centaur skeletons
  5 jellies
  28 orc wizards
  3 iguanas
  7 iron imps
  A worker ant (shapeshifter) (Depths:3)
  13 worker ants
  31 small abominations
  A big kobold zombie (Crypt:1)
  An ogre skeleton (Crypt:1)
  4 hound zombies
  A hound skeleton (D:4)
  2 worker ant zombies
  12 gnolls
  9 adders
  5 shadow imps
  3 white imps
  6 ufetubi
  An ooze (shapeshifter) (Vaults:3)
  2 oozes
  An adder zombie (D:6)
  An adder skeleton (D:4)
  A worm (shapeshifter) (Depths:3)
  7 worms
  3 ball lightnings
  A barachi zombie (Crypt:1)
  8 dart slugs
  7 leopard geckos
  139 orcs
  9 bats
  4 giant cockroaches
  10 goblins
  6 hobgoblins
  8 jackals
  11 quokkas
  A ball python (D:5)
  8 frilled lizards
  27 kobolds
  A kobold (shapeshifter) (Vaults:5)
  A quokka simulacrum (D:9)
  4 rats
  A fungus (Lair:4)
  A lurking horror (Abyss:1)
  A macabre mass (Abyss:4)
  26 plants
  14 starspawn tentacles
  A withered plant (Crypt:3)
3422 creatures vanquished.

Vanquished Creatures (collateral kills)
  2 caustic shrikes
  2 bone dragons
  An acid blob (Slime:5)
  An Executioner (Abyss:4)
  A sphinx (Zig:12)
  2 storm dragons
  2 vault wardens (Vaults:5)
  An emperor scorpion (Spider:3)
  An ironheart preserver (Vaults:2)
  A stone giant (Depths:5)
  A deep elf demonologist (Depths:3)
  An ophan (Zig:5)
  A black draconian (Zot:2)
  A spark wasp (Spider:3)
  A fire dragon (Depths:5)
  A yaktaur captain (Depths:5)
  An ogre mage (Zig:12)
  4 vault guards (Vaults:5)
  A rakshasa (Abyss:4)
  2 two-headed ogres (Vaults:5)
  A deep troll shaman (Depths:3)
  4 spriggan berserkers (Depths:5)
  3 large abominations (Abyss:4)
  2 deep trolls (Depths:3)
  2 orc knights (Orc:2)
  An ironbrand convoker (Vaults:5)
  A phantasmal warrior (Crypt:2)
  An orc sorcerer (Orc:2)
  A wolf spider (Spider:3)
  3 ugly things
  2 shining eyes
  A vault sentinel (Vaults:5)
  A gargoyle (Zig:11)
  A torpor snail (Zig:11)
  A hornet (Depths:5)
  9 slime creatures
  A spriggan (Depths:5)
  A small abomination (Abyss:4)
  A chaos spawn (Abyss:4)
  A steam dragon (Orc:2)
  Duvessa (D:6)
  2 orc warriors (Orc:2)
  An eye of draining (Slime:4)
  A centaur (Vaults:4)
  Dowan (D:6)
  A worker ant (D:6)
  An ufetubus (Abyss:4)
74 creatures vanquished.

Vanquished Creatures (others)
  A golden dragon (Zot:3)
  2 deep elf master archers
  2 draconian knights
  An iron dragon (Zig:11)
  Louise (Spider:4)
  A curse skull (Crypt:1)
  7 stone giants
  A very ugly thing (Vaults:3)
  A black draconian (Zot:2)
  An ophan (Zig:5)
  A red draconian (Zot:3)
  5 yaktaur captains
  A vault guard (Vaults:5)
  A centaur warrior (Depths:2)
  An ogre mage (Vaults:5)
  A naga sharpshooter (Zig:2)
  A deep elf knight (Elf:2)
  A sixfirhy (Pan)
  A skeletal warrior (D:15)
  A spatial maelstrom (Abyss:4)
  A flayed ghost (Zig:12)
  A shadow demon (Pan)
  An orc knight (Vaults:4)
  An orb spider (Spider:4)
  A deep elf mage (Vaults:4)
  2 cyclopes
  A vault sentinel (Vaults:3)
  12 yaktaurs
  2 hornets
  A raiju (Abyss:4)
  A slime creature (Depths:1)
  3 redbacks
  A tarantella (Spider:3)
  2 yaks
  A fire bat (Pan)
  3 golden eyes (Slime:3)
  2 large abominations
  2 swamp worms
  A small abomination (Abyss:4)
  A spatial vortex (Abyss:4)
  2 orc warriors
  A wolf (Lair:6)
  2 howler monkeys (D:9)
  14 ball lightnings
  7 orcs
  A kobold (D:12)
  85 fungi
  A lurking horror (Abyss:4)
  63 plants
  24 starspawn tentacles
  A withered plant (Crypt:3)
273 creatures vanquished.

Grand Total: 3769 creatures vanquished

Notes
Turn   | Place    | Note
-------+----------+-------------------------------------------
     0 | D:1      | Amplified the Demonspawn Venom Mage began the quest for the
                  | Orb.
     0 | D:1      | Reached XP level 1. HP: 13/13 MP: 3/3
   239 | D:1      | Reached skill level 1 in Fighting
   239 | D:1      | Gained mutation: You are partially covered in sharp spines.
                  | [demonic ancestry]
   239 | D:1      | Reached XP level 2. HP: 18/21 MP: 1/5
   686 | D:1      | Reached skill level 1 in Maces & Flails
   832 | D:2      | Gained mutation: You have a pair of small horns on your
                  | head. [demonic ancestry]
   832 | D:2      | Reached XP level 3. HP: 26/26 MP: 6/6
  1037 | D:2      | Reached skill level 1 in Slings
  1037 | D:2      | Gained mutation: You have a pair of horns on your head.
                  | [demonic ancestry]
  1037 | D:2      | Reached XP level 4. HP: 32/33 MP: 7/7
  1190 | D:2      | Found a glowing golden altar of the Shining One.
  1220 | D:2      | Found a faded altar of an unknown god.
  1224 | D:2      | Learned a level 2 spell: Poisonous Vapours
  1252 | D:2      | Became a worshipper of Nemelex Xobeh the Trickster
  1252 | D:2      | Received a gift from Nemelex Xobeh
  1252 | D:2      | Reached * piety under Nemelex Xobeh
  1353 | D:2      | Found an opulent altar of Gozag.
  1881 | D:3      | Received a gift from Nemelex Xobeh
  2139 | D:4      | Gained mutation: You are mostly covered in sharp spines.
                  | [demonic ancestry]
  2139 | D:4      | Reached XP level 5. HP: 39/39 MP: 8/8
  2179 | D:4      | Reached skill level 1 in Shields
  2196 | D:4      | Reached ** piety under Nemelex Xobeh
  2359 | D:4      | Reached skill level 1 in Invocations
  2558 | D:4      | Received a gift from Nemelex Xobeh
  2756 | D:4      | Found a burning altar of Makhleb.
  3229 | D:5      | Entered Level 5 of the Dungeon
  3407 | D:5      | Noticed a sky beast
  3444 | D:5      | Killed a sky beast
  3444 | D:5      | Gained mutation: You are completely covered in sharp
                  | spines. [demonic ancestry]
  3444 | D:5      | Reached XP level 6. HP: 23/47 MP: 9/9
  4424 | D:5      | Found a shimmering altar of Xom.
  4427 | D:5      | Found a bloodstained altar of Trog.
  4433 | D:5      | Found a white marble altar of Elyvilon.
  4601 | D:6      | Reached XP level 7. HP: 44/53 MP: 10/10
  4731 | D:6      | Noticed Dowan
  4733 | D:6      | Noticed Duvessa
  4741 | D:6      | Killed Duvessa
  4744 | D:6      | Killed Dowan
  4887 | D:6      | Received a gift from Nemelex Xobeh
  4980 | D:6      | Found a hide-covered altar of Uskayaw.
  5033 | D:6      | Reached skill level 5 in Invocations
  5033 | D:6      | Gained mutation: You are partially covered in rugged brown
                  | scales. (AC +1, +3% HP) [demonic ancestry]
  5033 | D:6      | Reached XP level 8. HP: 55/62 MP: 11/11
  5155 | D:6      | Found an ancient bone altar of Kikubaaqudgha.
  5157 | D:6      | Found a blossoming altar of Fedhas.
  5276 | D:6      | Found a snail-covered altar of Cheibriados.
  5277 | D:6      | Noticed Grinder
  5323 | D:6      | Paralysed by Grinder for 4 turns
  5332 | D:6      | Killed Grinder
  5663 | D:7      | Found a staircase to the Ecumenical Temple.
  5758 | D:7      | Reached *** piety under Nemelex Xobeh
  5870 | D:7      | Reached skill level 5 in Fighting
  6515 | D:7      | Found a stormy altar of Qazlal.
  6520 | D:7      | Reached skill level 5 in Slings
  6523 | D:7      | Received a gift from Nemelex Xobeh
  6596 | D:8      | Noticed Grum
  6612 | D:8      | Killed Grum
  6612 | D:8      | Reached XP level 9. HP: 43/71 MP: 12/14
  6616 | D:8      | Reached skill level 5 in Shields
  6630 | D:8      | Found a radiant altar of Vehumet.
  6700 | D:8      | Noticed a two-headed ogre
  6706 | D:8      | Noticed a torpor snail
  6706 | D:8      | a two-headed ogre changed into a torpor snail
  6708 | D:8      | a torpor snail changed into a spriggan
  7279 | D:8      | Found a runed translucent door.
  7357 | D:8      | Found a runed translucent door.
  7643 | D:8      | Noticed a kobold demonologist
  7652 | D:8      | Killed a kobold demonologist
  7652 | D:8      | Reached XP level 10. HP: 81/81 MP: 16/16
  7658 | D:8      | Noticed a manticore
  7664 | D:8      | Killed a manticore
  7667 | D:8      | Noticed a centaur warrior
  7672 | D:8      | Noticed a water nymph
  7672 | D:8      | a centaur warrior changed into a water nymph
  7673 | D:8      | Killed a water nymph
  7792 | D:8      | Received a gift from Nemelex Xobeh
  7897 | D:9      | Found Ceraup's Antique Weapon Emporium.
  8060 | D:9      | Reached skill level 10 in Invocations
  8070 | D:9      | Got a pitted chain mail
  8071 | D:9      | Identified the +8 chain mail of Gluttony {rPois rF- rN+++
                  | Str+3} (You found it on level 9 of the Dungeon)
  8174 | D:9      | Reached skill level 1 in Armour
  8258 | D:9      | Received a gift from Nemelex Xobeh
  8270 | D:9      | Reached **** piety under Nemelex Xobeh
  8329 | D:9      | Found a runed translucent door.
  8329 | D:9      | Noticed an ogre mage
  8329 | D:9      | Noticed an ogre mage
  8331 | D:9      | Noticed a stone giant
  8331 | D:9      | Noticed a harpy
  8331 | D:9      | Noticed a wolf spider
  8331 | D:9      | Noticed a flayed ghost
  8331 | D:9      | Noticed a catoblepas
  8478 | D:9      | Found a bloodstained altar of Trog.
  8511 | D:9      | Identified a scroll of acquirement
  8521 | D:9      | Gained mutation: You regenerate a little health from kills.
                  | [demonic ancestry]
  8521 | D:9      | Reached XP level 11. HP: 89/89 MP: 19/19
  8648 | D:10     | Entered Level 10 of the Dungeon
  8648 | D:10     | Found a staircase to the Orcish Mines.
  8799 | D:10     | Received a gift from Nemelex Xobeh
  8872 | D:10     | Found a roughly hewn altar of Beogh.
  9417 | D:10     | Reached skill level 5 in Poison Magic
  9448 | D:10     | Noticed a six-headed hydra
  9453 | D:10     | Killed a six-headed hydra
  9639 | D:11     | Found a flickering gateway to a bazaar.
  9843 | D:11     | Received a gift from Nemelex Xobeh
 10373 | D:11     | Found a staircase to the Lair.
 10494 | Bazaar   | Entered a bazaar
 10508 | Bazaar   | Found Rogekous's Jewellery Shoppe.
 10508 | Bazaar   | Found Wuewoj's Book Emporium.
 10529 | Bazaar   | Found Vosac's Armour Shoppe.
 10544 | Bazaar   | Found Tuyfrunn's Jewellery Emporium.
 10607 | Bazaar   | Bought a +5 amulet of reflection for 535 gold pieces
 10708 | Orc:1    | Entered Level 1 of the Orcish Mines
 10708 | Orc:1    | Found Pasch's Weapon Boutique.
 10957 | Orc:1    | Found a flagged portal.
 11039 | Bailey   | Entered a bailey
 11281 | Bailey   | Reached ***** piety under Nemelex Xobeh
 11438 | Bailey   | Reached skill level 10 in Fighting
 11722 | Bailey   | Reached XP level 12. HP: 99/99 MP: 21/21
 12205 | Orc:1    | Received a gift from Nemelex Xobeh
 12465 | D:9      | Bought a crystal fustibalus for 500 gold pieces
 12465 | D:9      | Identified the +9 fustibalus "Sychu" {flame, rElec Int+3}
                  | (You bought it in a shop on level 9 of the Dungeon)
 12541 | Lair:1   | Entered Level 1 of the Lair of Beasts
 12547 | Lair:1   | Gained mutation: You have a pair of large horns on your
                  | head. [demonic ancestry]
 12547 | Lair:1   | Reached XP level 13. HP: 107/107 MP: 22/22
 12615 | Lair:1   | You fall into a shaft and drop 1 floor!
 13028 | Lair:2   | Received a gift from Nemelex Xobeh
 13630 | Lair:3   | Received a gift from Nemelex Xobeh
 13683 | Lair:3   | Found a staircase to the Swamp.
 13891 | Lair:3   | Received a gift from Nemelex Xobeh
 14370 | Lair:4   | Found a hole to the Spider Nest.
 14514 | Lair:4   | Received a gift from Nemelex Xobeh
 14526 | Lair:4   | Reached ****** piety under Nemelex Xobeh
 14536 | Lair:4   | Reached skill level 10 in Poison Magic
 14550 | Lair:4   | Reached skill level 10 in Slings
 15438 | Lair:5   | Received a gift from Nemelex Xobeh
 15469 | Lair:5   | Found a viscous altar of Jiyva.
 15469 | Lair:5   | Found a staircase to the Slime Pits.
 15511 | Lair:5   | Found a dark tunnel.
 15516 | Volcano  | Entered a volcano
 16216 | Lair:5   | Received a gift from Nemelex Xobeh
 16303 | Lair:5   | Reached XP level 14. HP: 119/119 MP: 24/24
 16796 | Lair:6   | Entered Level 6 of the Lair of Beasts
 16796 | Lair:6   | Noticed Rupert
 16862 | Lair:6   | Killed Rupert
 17031 | Lair:6   | Received a gift from Nemelex Xobeh
 17338 | Lair:6   | Reached skill level 15 in Invocations
 17948 | Lair:6   | Noticed Sonja
 17951 | Lair:6   | Killed Sonja
 17954 | Lair:6   | Noticed Snorg
 17961 | Lair:6   | Killed Snorg
 18761 | Lair:1   | Received a gift from Nemelex Xobeh
 18762 | Lair:1   | Noticed Fannar
 18765 | Lair:1   | Noticed Fannar
 18770 | Lair:1   | Killed Fannar the lindwurm
 19001 | Orc:2    | Entered Level 2 of the Orcish Mines
 19005 | Orc:2    | Noticed Josephine
 19019 | Orc:2    | Noticed Donald
 19022 | Orc:2    | Killed Josephine
 19025 | Orc:2    | Gained mutation: You regenerate health from kills. [demonic
                  | ancestry]
 19025 | Orc:2    | Reached XP level 15. HP: 127/130 MP: 26/26
 19026 | Orc:2    | Reached skill level 15 in Fighting
 19086 | Orc:2    | Killed Donald
 19089 | Orc:2    | Found a roughly hewn altar of Beogh.
 19436 | Orc:2    | Noticed an orc warlord
 19439 | Orc:2    | Found a staircase to the Elven Halls.
 19474 | Orc:2    | Killed an orc warlord
 19795 | Orc:2    | Received a gift from Nemelex Xobeh
 19813 | Orc:2    | Found Ynkyjema's Antique Armour Emporium.
 19814 | Orc:2    | Found Xatizef's Antique Weapon Shoppe.
 19816 | Orc:2    | Found Fipsij's General Store.
 19816 | Orc:2    | Found Hoquumoa's Book Emporium.
 19821 | Orc:2    | Bought a manual of Armour for 1104 gold pieces
 20175 | D:12     | Found a frozen archway.
 20224 | D:12     | Identified the ring "Eclykeuv" {rElec rF+ rN++ Stlth-}
 20404 | IceCv    | Entered an ice cave
 21203 | D:12     | Identified the cursed +1 battleaxe of Ygynarastru {freeze,
                  | *Corrode Str-3 Int+8 Dex+9}
 21286 | D:12     | Found Onoxtopt's Jewellery Shop.
 21379 | D:13     | Received a gift from Nemelex Xobeh
 21557 | D:13     | Found Epou's Book Boutique.
 21843 | D:13     | Received a gift from Nemelex Xobeh
 21928 | D:13     | Found an ancient bone altar of Kikubaaqudgha.
 22414 | D:13     | Found a gate to the Vaults.
 22792 | D:14     | Noticed Jorgrun
 22823 | D:14     | Killed Jorgrun
 22823 | D:14     | Reached skill level 10 in Armour
 23216 | D:14     | Received a gift from Nemelex Xobeh
 23315 | D:15     | Entered Level 15 of the Dungeon
 23355 | D:15     | Gained mutation: You regenerate a lot of health from kills.
                  | [demonic ancestry]
 23355 | D:15     | Reached XP level 16. HP: 143/143 MP: 28/28
 23762 | D:15     | Received a gift from Nemelex Xobeh
 24506 | D:15     | Received a gift from Nemelex Xobeh
 24765 | D:15     | Found a staircase to the Depths.
 25220 | Swamp:1  | Entered Level 1 of the Swamp
 25291 | Swamp:1  | Identified the Compendium of the Traveller and the Rocks
 25506 | Swamp:1  | Received a gift from Nemelex Xobeh
 26055 | Swamp:2  | Got a smoking robe
 26066 | Swamp:2  | Identified the cursed +0 robe of the Lair of Beasts
                  | {Dex+10} (You found it on level 2 of the Swamp)
 26385 | Swamp:2  | Identified Roxanne's Handbook of the Rocks
 26385 | Swamp:2  | Noticed Roxanne
 26498 | Swamp:2  | Received a gift from Nemelex Xobeh
 26592 | Swamp:2  | Found a radiant altar of Vehumet.
 27097 | Swamp:3  | Noticed a thorn hunter
 27110 | Swamp:3  | Killed a thorn hunter
 27112 | Swamp:3  | Noticed a thorn hunter
 27118 | Swamp:3  | Killed a thorn hunter
 27180 | Swamp:3  | Received a gift from Nemelex Xobeh
 27405 | Swamp:3  | Noticed Aizul
 27424 | Swamp:3  | Killed Aizul
 27596 | Swamp:3  | Reached XP level 17. HP: 139/154 MP: 30/30
 27948 | Swamp:4  | Entered Level 4 of the Swamp
 28043 | Swamp:4  | Received a gift from Nemelex Xobeh
 28705 | Swamp:4  | Got a decaying rune of Zot
 29067 | Spider:1 | Entered Level 1 of the Spider Nest
 29440 | Spider:1 | Received a gift from Nemelex Xobeh
 29761 | Spider:2 | Noticed Nikola
 29778 | Spider:2 | Killed Nikola
 29981 | Spider:2 | Noticed Arachne
 30004 | Spider:2 | Killed Arachne
 30142 | Spider:2 | Received a gift from Nemelex Xobeh
 30587 | Spider:2 | Found a runed translucent door.
 30736 | Spider:2 | Gained mutation: You are robust. (+10% HP) [demonic
                  | ancestry]
 30736 | Spider:2 | Reached XP level 18. HP: 134/183 MP: 31/31
 31409 | Spider:2 | Received a gift from Nemelex Xobeh
 31868 | Spider:3 | Noticed Agnes
 31884 | Spider:2 | Killed Agnes
 32138 | Spider:3 | Received a gift from Nemelex Xobeh
 32147 | Spider:3 | Reached skill level 15 in Armour
 32348 | Spider:4 | Entered Level 4 of the Spider Nest
 32450 | Spider:4 | Received a gift from Nemelex Xobeh
 32466 | Spider:4 | Noticed Louise
 32469 | Spider:4 | Noticed Asterion
 32472 | Spider:4 | Cast into level 2 of the Abyss (Louise)
 32521 | Abyss:2  | Received a gift from Nemelex Xobeh
 32660 | Abyss:4  | Received a gift from Nemelex Xobeh
 32676 | Spider:4 | Escaped the Abyss
 32679 | Spider:4 | Killed Louise
 32684 | Spider:4 | Killed Asterion
 32856 | Spider:4 | Found a transporter.
 32861 | Spider:4 | Found a transporter.
 32863 | Spider:4 | Noticed Amplified's ghost (adept DrCj)
 32921 | Spider:4 | Killed Amplified's ghost
 32939 | Spider:4 | Got a scintillating granite ring
 32953 | Spider:4 | Identified the ring of Uratt {MP+9 Str+3 Int-5 Dex+4
                  | Stlth-} (You found it on level 4 of the Spider Nest)
 32989 | Spider:4 | Identified the +2 naga barding of Amorality {rC++} (You
                  | found it on level 4 of the Spider Nest)
 33664 | Spider:4 | Received a gift from Nemelex Xobeh
 33807 | Spider:4 | Got a gossamer rune of Zot
 34197 | D:9      | Identified Saolipny's Compendium of Floating Heat
 34200 | D:9      | Identified Lom Lobon's Catalogue of Displacement
 34212 | D:9      | Got an encrusted chain mail
 34223 | D:9      | Identified the +5 chain mail of the Tired Princes {rElec
                  | Int+2 Slay+5 SInv} (You found it on level 9 of the Dungeon)
 34373 | Vaults:1 | Entered Level 1 of the Vaults
 34511 | Vaults:1 | Reached XP level 19. HP: 187/192 MP: 33/33
 34953 | Vaults:1 | Received a gift from Nemelex Xobeh
 35432 | Vaults:1 | You fall into a shaft and drop 1 floor!
 35445 | Vaults:2 | Received a gift from Nemelex Xobeh
 35744 | Vaults:2 | Reached skill level 5 in Dodging
 36074 | Vaults:2 | Received a gift from Nemelex Xobeh
 37669 | Vaults:3 | Found a staircase to the Crypt.
 37954 | Vaults:3 | Reached XP level 20. HP: 192/203 MP: 35/35
 38220 | Vaults:3 | Received a gift from Nemelex Xobeh
 38662 | Vaults:3 | Received a gift from Nemelex Xobeh
 39776 | Vaults:4 | Received a gift from Nemelex Xobeh
 39803 | Vaults:4 | Found Surhoila's Antique Armour Boutique.
 39829 | Vaults:4 | Bought a brightly glowing chain mail for 237 gold pieces
 39829 | Vaults:4 | Bought a smoking robe for 142 gold pieces
 39829 | Vaults:4 | Identified the +8 chain mail of Wess {rElec Dex-2 Slay+3}
                  | (You bought it in a shop on level 4 of the Vaults)
 39830 | Vaults:4 | Identified the cursed +0 robe of Liaxidgh {+Blink MR++
                  | Dex+6} (You bought it in a shop on level 4 of the Vaults)
 40214 | Vaults:4 | Received a gift from Nemelex Xobeh
 40316 | Vaults:4 | Learned a level 4 spell: Summon Lightning Spire
 40392 | Crypt:1  | Entered Level 1 of the Crypt
 40403 | Crypt:1  | Reached skill level 10 in Dodging
 40546 | Crypt:1  | Gained mutation: You are mostly covered in rugged brown
                  | scales. (AC +2, +5% HP) [demonic ancestry]
 40546 | Crypt:1  | Reached XP level 21. HP: 186/217 MP: 36/36
 40554 | Crypt:1  | Reached skill level 1 in Air Magic
 40664 | Crypt:1  | Received a gift from Nemelex Xobeh
 41103 | Crypt:1  | Learned a level 5 spell: Dispel Undead
 41201 | Crypt:1  | Reached skill level 1 in Necromancy
 41210 | Crypt:1  | Received a gift from Nemelex Xobeh
 42018 | Crypt:2  | Received a gift from Nemelex Xobeh
 42526 | Crypt:3  | Entered Level 3 of the Crypt
 42531 | Crypt:2  | Identified the Tome of Ignition and Ice (You acquired it on
                  | level 2 of the Crypt)
 42542 | Crypt:2  | Learned a level 8 spell: Ignition
 42621 | Crypt:3  | Received a gift from Nemelex Xobeh
 42638 | Crypt:3  | Reached skill level 5 in Spellcasting
 42879 | Crypt:3  | Reached skill level 5 in Necromancy
 43029 | Crypt:3  | Received a gift from Nemelex Xobeh
 43290 | Crypt:3  | Identified the Disquisition on Twisted Poison
 43704 | Crypt:3  | Identified the Collected Works on Evil
 43849 | Crypt:3  | Cast into level 4 of the Abyss (a lich)
 44013 | Abyss:4  | Received a gift from Nemelex Xobeh
 44140 | Abyss:4  | Learned a level 2 spell: Blink
 44199 | Abyss:4  | Paralysed by accursed screaming for 1 turns
 44247 | Abyss:4  | Gained mutation: You are completely covered in rugged brown
                  | scales. (AC +3, +7% HP) [demonic ancestry]
 44247 | Abyss:4  | Reached XP level 22. HP: 218/231 MP: 38/38
 44334 | Abyss:4  | Gained mutation: Potions are less effective at restoring
                  | your health. [a cacodemon]
 44335 | Abyss:4  | Identified the +2 trident of Action {protect, *Noise rN+
                  | Stlth+}
 44342 | Abyss:4  | Got an abyssal rune of Zot
 44397 | Abyss:4  | Received a gift from Nemelex Xobeh
 44519 | Crypt:3  | Escaped the Abyss
 44772 | Crypt:3  | Found a staircase to the Tomb.
 44815 | Crypt:3  | Noticed an ancient lich
 44826 | Crypt:3  | Killed an ancient lich
 45253 | Crypt:3  | Identified Keumurgh's Incunabulum of Entrancing
                  | Intoxication
 45488 | D:13     | Bought a manual of Fire Magic for 1324 gold pieces
 45488 | D:13     | Bought a book of Battle for 480 gold pieces
 45488 | D:13     | Bought a Necronomicon for 1324 gold pieces
 45649 | Elf:1    | Entered Level 1 of the Elven Halls
 45697 | Elf:1    | Reached skill level 1 in Fire Magic
 45709 | Elf:1    | Received a gift from Nemelex Xobeh
 46115 | Elf:1    | Found Gubac's Food Boutique.
 46271 | Elf:1    | Found Edwiw's Distillery.
 46273 | Elf:1    | Received a gift from Nemelex Xobeh
 46283 | Elf:1    | Bought a potion of heal wounds for 90 gold pieces
 46283 | Elf:1    | Bought a potion of heal wounds for 90 gold pieces
 46283 | Elf:1    | Bought a potion of heal wounds for 90 gold pieces
 46283 | Elf:1    | Bought a potion of curing for 54 gold pieces
 46322 | Elf:1    | Found Zoesot's Armour Emporium.
 46816 | Elf:2    | Found a runed translucent gate.
 46823 | Elf:2    | Found a runed translucent gate.
 46824 | Elf:2    | Found a runed translucent gate.
 47065 | Elf:2    | Received a gift from Nemelex Xobeh
 47111 | Elf:2    | Reached skill level 5 in Fire Magic
 47445 | Orc:2    | Bought a runed broad axe for 182 gold pieces
 47515 | Elf:3    | Entered Level 3 of the Elven Halls
 47611 | Elf:3    | Noticed Mara
 47634 | Elf:3    | Killed Mara
 48341 | Elf:3    | Received a gift from Nemelex Xobeh
 48767 | Elf:3    | Identified the amulet of the Present {+Blink +Rage rC+}
                  | (You found it on level 3 of the Elven Halls)
 48819 | Elf:3    | Reached XP level 23. HP: 242/242 MP: 39/39
 49946 | Depths:1 | Entered Level 1 of the Depths
 50147 | Depths:1 | Found a gateway to Hell.
 50169 | Depths:1 | Received a gift from Nemelex Xobeh
 50594 | Depths:1 | Identified the +2 chain mail of Vupracex {*Slow MR+ SInv}
                  | (You found it on level 1 of the Depths)
 50602 | Depths:1 | Found a one-way gate to the infinite horrors of the Abyss.
 50653 | Depths:1 | Received a gift from Nemelex Xobeh
 51101 | Depths:2 | Found a shattered altar of Ashenzari.
 51271 | Depths:2 | Reached skill level 10 in Fire Magic
 51491 | Depths:2 | Received a gift from Nemelex Xobeh
 51581 | Depths:2 | Found Votinuk's Weapon Shoppe.
 51804 | Depths:2 | Received a gift from Nemelex Xobeh
 52029 | Depths:3 | Paralysed by a vampire knight for 5 turns
 52182 | Depths:3 | Reached skill level 27 in Invocations
 52242 | Depths:3 | Reached XP level 24. HP: 252/252 MP: 40/40
 52750 | Depths:3 | Received a gift from Nemelex Xobeh
 52873 | Depths:3 | Found a runed translucent gate.
 52873 | Depths:3 | Found a runed translucent gate.
 52873 | Depths:3 | Found a runed translucent gate.
 53129 | Depths:3 | Found a one-way gate leading to the halls of Pandemonium.
 53465 | Depths:3 | Learned a level 1 spell: Apportation
 53524 | Depths:3 | Reached skill level 10 in Shields
 53582 | Depths:3 | Found a runed translucent gate.
 53582 | Depths:3 | Found a runed translucent gate.
 53593 | Depths:3 | Noticed Giur's ghost (veteran TrFi)
 53598 | Depths:3 | Found a runed translucent gate.
 53634 | Depths:3 | Killed Giur's ghost
 53656 | Depths:3 | Identified the cursed +0 robe of Valiance {rElec MR++} (You
                  | found it on level 3 of the Depths)
 53890 | Depths:4 | You fall into a shaft and drop 1 floor!
 53890 | Depths:5 | Entered Level 5 of the Depths
 53992 | Depths:5 | Cast into level 4 of the Abyss (a lich)
 54006 | Depths:5 | Escaped the Abyss
 54287 | Depths:5 | Received a gift from Nemelex Xobeh
 54568 | Depths:5 | Found a gateway to a ziggurat.
 54693 | Depths:5 | Reached XP level 25. HP: 264/264 MP: 40/40
 54950 | Depths:5 | Found a gate to the Realm of Zot.
 54988 | Depths:5 | Received a gift from Nemelex Xobeh
 55599 | Zot:1    | Entered Level 1 of the Realm of Zot
 55744 | Zot:1    | Received a gift from Nemelex Xobeh
 56547 | Depths:4 | Paralysed by a sphinx for 3 turns
 56985 | Depths:4 | Received a gift from Nemelex Xobeh
 58359 | Vaults:5 | Entered Level 5 of the Vaults
 58564 | Vaults:5 | Reached skill level 15 in Shields
 58587 | Vaults:5 | Gained mutation: You are very robust. (+20% HP) [demonic
                  | ancestry]
 58587 | Vaults:5 | Reached XP level 26. HP: 269/302 MP: 40/40
 58720 | Vaults:5 | Got a silver rune of Zot
 58769 | Vaults:5 | Identified the +9 dagger of Beusesm {pierce, +Rage}
 58778 | Vaults:5 | Noticed Saint Roka
 58820 | Vaults:5 | Killed Saint Roka
 58948 | Vaults:5 | Noticed an ancient lich
 58977 | Vaults:5 | Identified the +10 dagger "Giantbane" {speed, +Fly rPois
                  | MR+ Str-5}
 58990 | Vaults:5 | Killed an ancient lich
 59220 | Vaults:5 | Identified the ring of Goeneqeu {*Drain rElec rPois rF+}
 59444 | Vaults:5 | Received a gift from Nemelex Xobeh
 59748 | Vaults:5 | Reached skill level 27 in Fighting
 59842 | Vaults:5 | Noticed an ancient lich
 59856 | Vaults:5 | Killed an ancient lich
 59901 | Vaults:5 | Noticed Jory
 59921 | Vaults:5 | Killed Jory
 60244 | Vaults:5 | Identified the Incunabulum of Ashen Unholy Rites
 60381 | Vaults:5 | Identified Osurel's Disquisition on the Shifting Frostbite
 60417 | Vaults:5 | Gained mutation: You are extremely robust. (+30% HP)
                  | [demonic ancestry]
 60417 | Vaults:5 | Reached XP level 27. HP: 307/341 MP: 40/40
 60890 | Vaults:5 | Identified Amplified's Reference Book on the Damaging
                  | Traveller (You acquired it on level 5 of the Vaults)
 61268 | Slime:1  | Entered Level 1 of the Pits of Slime
 61269 | Slime:1  | Identified the +2 long sword of Baaxe {slice, rPois rN++
                  | MR+ Int+2}
 61940 | Slime:3  | Received a gift from Nemelex Xobeh
 62096 | Slime:3  | Received a gift from Nemelex Xobeh
 62788 | Slime:4  | Gained mutation: You are dopey. (Int -2) [a shining eye]
 62858 | Slime:4  | Received a gift from Nemelex Xobeh
 63204 | Slime:5  | Entered Level 5 of the Pits of Slime
 63639 | Slime:5  | Reached skill level 10 in Spellcasting
 63956 | Slime:5  | Found a viscous altar of Jiyva.
 64043 | Slime:5  | Noticed the Royal Jelly
 64048 | Slime:5  | Identified the +1 long sword "Sezanan" {venom, rElec Str+9}
 64091 | Slime:5  | Killed the Royal Jelly
 64134 | Slime:5  | Found the +8 mithril axe "Arga" {speed, MR+}
 64138 | Slime:5  | Identified the +3 cloak of the Gate {Stlth+} (You found it
                  | on level 5 of the Pits of Slime)
 64187 | Slime:5  | Identified the +7 ring mail of the Clam {Int+3} (You found
                  | it on level 5 of the Pits of Slime)
 64190 | Slime:5  | Identified the cursed +1 rapier of Malaise {pierce, MR+}
                  | (You found it on level 5 of the Pits of Slime)
 64265 | Slime:5  | Got a slimy rune of Zot
 64328 | Slime:5  | Identified the cursed +3 scimitar of Radicalism {slice,
                  | Str+4 Dex+2} (You found it on level 5 of the Pits of Slime)
 64387 | Slime:2  | Received a gift from Nemelex Xobeh
 64792 | Zot:2    | Reached skill level 1 in Polearms
 64818 | Zot:2    | Reached skill level 1 in Axes
 64893 | Zot:2    | Identified the +4 dragonskin cloak
 64893 | Zot:2    | Noticed Tiamat
 65254 | Zot:2    | Lost mutation: Potions are less effective at restoring your
                  | health. [potion of mutation]
 65254 | Zot:2    | Lost mutation: You are dopey. (Int -2) [potion of mutation]
 65254 | Zot:2    | Gained mutation: Your flesh is cold resistant. (rC+)
                  | [potion of mutation]
 65254 | Zot:2    | Gained mutation: You possess an exceptional clarity of
                  | mind. [potion of mutation]
 65254 | Zot:2    | Gained mutation: You can translocate small distances at
                  | will. [potion of mutation]
 65458 | Zot:2    | Reached skill level 5 in Polearms
 65778 | Zot:2    | Noticed a juggernaut
 65778 | Zot:2    | a Killer Klown changed into a juggernaut
 65792 | Zot:2    | Killed a juggernaut
 65825 | Zot:2    | Killed Tiamat
 65972 | Zot:2    | Reached skill level 5 in Axes
 66004 | Zot:2    | Received a gift from Nemelex Xobeh
 66049 | Zot:2    | Paralysed by a Killer Klown for 3 turns
 66901 | Zot:3    | Reached skill level 10 in Polearms
 67168 | Zot:3    | Received a gift from Nemelex Xobeh
 67505 | Zot:3    | Noticed an orb of fire
 67507 | Zot:3    | Gained mutation: You are dopey. (Int -2) [an orb of fire]
 67516 | Zot:3    | Gained mutation: You are clumsy. (Dex -2) [an orb of fire]
 67517 | Zot:3    | Noticed an orb of fire
 67520 | Zot:3    | Gained mutation: Your magical capacity is low. (-10% MP)
                  | [an orb of fire]
 67524 | Zot:3    | Gained mutation: Your spells are a little easier to cast,
                  | but a little less powerful. [an orb of fire]
 67525 | Zot:3    | Lost mutation: You can translocate small distances at will.
                  | [an orb of fire]
 67526 | Zot:3    | Gained mutation: Your magical capacity is very low. (-20%
                  | MP) [an orb of fire]
 67537 | Zot:3    | Killed an orb of fire
 67537 | Zot:3    | Reached skill level 10 in Axes
 67564 | Zot:3    | Killed an orb of fire
 68339 | Zot:4    | Received a gift from Nemelex Xobeh
 68815 | Zot:5    | Entered Level 5 of the Realm of Zot
 68975 | Hell     | Entered the Vestibule of Hell
 68975 | Hell     | Noticed Geryon
 68993 | Hell     | Noticed Murray
 69218 | Depths:5 | Voluntarily entered the Abyss.
 69289 | Abyss:1  | Received a gift from Nemelex Xobeh
 69431 | Abyss:1  | Gained mutation: Your body sometimes deteriorates upon
                  | taking damage. [a cacodemon]
 69473 | Abyss:1  | Found a corrupted altar of Lugonu.
 69771 | Abyss:2  | Received a gift from Nemelex Xobeh
 69944 | Abyss:3  | Gained mutation: You are occasionally teleported next to
                  | monsters. [a shining eye]
 69949 | Abyss:3  | Gained mutation: You are very clumsy. (Dex -4) [a shining
                  | eye]
 69963 | Abyss:3  | Reached skill level 15 in Axes
 70011 | Abyss:3  | Received a gift from Nemelex Xobeh
 70158 | Abyss:3  | Received a gift from Nemelex Xobeh
 70227 | Abyss:3  | Found an ornate altar of the Wu Jian Council.
 70264 | Abyss:3  | Received a gift from Nemelex Xobeh
 70272 | Abyss:3  | Found a burning altar of Makhleb.
 70413 | Abyss:4  | Paralysed by accursed screaming for 1 turns
 70445 | Abyss:4  | Gained mutation: You do not regenerate when monsters are
                  | visible. [a neqoxec]
 70689 | Abyss:4  | Lost mutation: You possess an exceptional clarity of mind.
                  | [a neqoxec]
 70697 | Abyss:5  | Entered Level 5 of the Abyss
 70697 | Abyss:5  | Received a gift from Nemelex Xobeh
 70753 | Abyss:5  | Identified the cursed +0 large shield of the Slug {rF++
                  | Int-3 Slay+4}
 70763 | Depths:5 | Escaped the Abyss
 70772 | Depths:5 | Lost mutation: You are very clumsy. (Dex -4) [potion of
                  | mutation]
 70772 | Depths:5 | Lost mutation: Your magical capacity is very low. (-20% MP)
                  | [potion of mutation]
 70772 | Depths:5 | Lost mutation: You are dopey. (Int -2) [potion of mutation]
 70772 | Depths:5 | Lost mutation: Your body sometimes deteriorates upon taking
                  | damage. [potion of mutation]
 70772 | Depths:5 | Lost mutation: You are clumsy. (Dex -2) [potion of
                  | mutation]
 70772 | Depths:5 | Gained mutation: You possess an exceptional clarity of
                  | mind. [potion of mutation]
 70773 | Depths:5 | Lost mutation: You possess an exceptional clarity of mind.
                  | [potion of mutation]
 70773 | Depths:5 | Lost mutation: Your spells are a little easier to cast, but
                  | a little less powerful. [potion of mutation]
 70773 | Depths:5 | Lost mutation: You do not regenerate when monsters are
                  | visible. [potion of mutation]
 70773 | Depths:5 | Gained mutation: Your system is resistant to poisons.
                  | (rPois) [potion of mutation]
 70773 | Depths:5 | Gained mutation: You possess an exceptional clarity of
                  | mind. [potion of mutation]
 71070 | Orc:2    | Bought a pair of glowing gloves for 270 gold pieces
 71070 | Orc:2    | Bought a pair of embroidered boots for 270 gold pieces
 71412 | Pan      | Entered Pandemonium
 71531 | Pan      | Found a white marble altar of Elyvilon.
 71597 | Pan      | Received a gift from Nemelex Xobeh
 71624 | Pan      | Gained mutation: Your spells are a little harder to cast,
                  | but a little more powerful. [a neqoxec]
 72053 | Pan      | Received a gift from Nemelex Xobeh
 72269 | Pan      | Found a transporter.
 72278 | Pan      | Identified the ring of Freedom {rPois rN++ MR- EV+2 Str+4}
 72456 | Pan      | Found a transporter.
 72496 | Pan      | Identified the +2 pair of gloves of Ynwatz {rPois} (You
                  | found it in Pandemonium)
 72537 | Pan      | Gained mutation: You are weak. (Str -2) [a cacodemon]
 72751 | Pan      | Found an exit through the horrors of the Abyss.
 72751 | Pan      | Noticed Totoucs the pandemonium lord
 72754 | Pan      | Gained mutation: Your magical capacity is very low. (-20%
                  | MP) [a neqoxec]
 72812 | Pan      | Killed Totoucs the pandemonium lord
 72885 | Pan      | Received a gift from Nemelex Xobeh
 73563 | Pan      | Gained mutation: You do not regenerate when monsters are
                  | visible. [a cacodemon]
 73577 | Pan      | Gained mutation: Your body sometimes deteriorates upon
                  | taking damage. [a cacodemon]
 73937 | Pan      | Lost mutation: You possess an exceptional clarity of mind.
                  | [potion of mutation]
 73937 | Pan      | Lost mutation: Your system is resistant to poisons. (rPois)
                  | [potion of mutation]
 73937 | Pan      | Gained mutation: You are covered in fur. (AC +1) [potion of
                  | mutation]
 73938 | Pan      | Lost mutation: You are weak. (Str -2) [potion of mutation]
 73938 | Pan      | Lost mutation: Your magical capacity is very low. (-20% MP)
                  | [potion of mutation]
 73938 | Pan      | Lost mutation: Your spells are a little harder to cast, but
                  | a little more powerful. [potion of mutation]
 73938 | Pan      | Lost mutation: You do not regenerate when monsters are
                  | visible. [potion of mutation]
 73938 | Pan      | Gained mutation: You are clumsy. (Dex -2) [potion of
                  | mutation]
 73938 | Pan      | Gained mutation: You expend magic power (3 MP) to
                  | strengthen your wands. [potion of mutation]
 74151 | Pan      | Lost mutation: Your body sometimes deteriorates upon taking
                  | damage. [potion of mutation]
 74151 | Pan      | Lost mutation: You expend magic power (3 MP) to strengthen
                  | your wands. [potion of mutation]
 74151 | Pan      | Lost mutation: Your flesh is cold resistant. (rC+) [potion
                  | of mutation]
 74151 | Pan      | Lost mutation: You are clumsy. (Dex -2) [potion of
                  | mutation]
 74151 | Pan      | Gained mutation: Your system is resistant to poisons.
                  | (rPois) [potion of mutation]
 74151 | Pan      | Gained mutation: You are agile. (Dex +2) [potion of
                  | mutation]
 74151 | Pan      | Gained mutation: You have large cloven feet. [potion of
                  | mutation]
 74214 | Pan      | Received a gift from Nemelex Xobeh
 74348 | Pan      | Got a demonic rune of Zot
 74350 | Pan      | Identified the +7 great mace of Truncation {vamp, *Corrode
                  | rPois rN+ Stlth+} (You found it in Pandemonium)
 74434 | Pan      | Identified the +9 short sword "Mioloaso" {drain, rPois rF-
                  | rN++ Str+2}
 74814 | Pan      | Received a gift from Nemelex Xobeh
 75008 | Pan      | Took an exit into the Abyss.
 75008 | Abyss:1  | Escaped into the Abyss
 75008 | Abyss:1  | Found a corrupted altar of Lugonu.
 75086 | Abyss:1  | Found a corrupted altar of Lugonu.
 75098 | Abyss:1  | Noticed an ancient lich
 75107 | Abyss:1  | Killed an ancient lich
 75328 | Abyss:1  | Reached skill level 15 in Fire Magic
 75364 | Depths:3 | Escaped the Abyss
 75475 | Zig:1    | Entered Level 1 of a ziggurat
 75496 | Zig:2    | Entered Level 2 of a ziggurat
 75524 | Zig:3    | Entered Level 3 of a ziggurat
 75629 | Zig:4    | Entered Level 4 of a ziggurat
 75631 | Zig:4    | Noticed Ibuewiw the pandemonium lord
 75652 | Zig:4    | Killed Ibuewiw the pandemonium lord
 75672 | Zig:4    | Identified the ring of Pehul {rElec rCorr} (You found it on
                  | level 4 of a ziggurat)
 75755 | Zig:5    | Entered Level 5 of a ziggurat
 75859 | Zig:6    | Entered Level 6 of a ziggurat
 75899 | Zig:6    | Identified the amulet "Qouteb" {Inacc rPois rF+++ rC+++
                  | Int-3} (You found it on level 6 of a ziggurat)
 75903 | Zig:7    | Entered Level 7 of a ziggurat
 75916 | Zig:7    | Paralysed by you for 4 turns
 75991 | Zig:8    | Entered Level 8 of a ziggurat
 75992 | Zig:8    | Received a gift from Nemelex Xobeh
 76021 | Zig:8    | Paralysed by accursed screaming for 1 turns
 76056 | Zig:8    | Identified the Tome of Spatial Transformation
 76067 | Zig:8    | Identified the +4 hunting sling of Ygar Esi {freeze, rN+
                  | Dex+4} (You found it on level 8 of a ziggurat)
 76074 | Zig:9    | Entered Level 9 of a ziggurat
 76111 | Zig:9    | Identified Wazutih's Guide on Shape Shifting and
                  | Dislocation
 76236 | Zig:10   | Entered Level 10 of a ziggurat
 76268 | Zig:10   | Identified the cursed +0 scale mail of the Mind {MR+ Str+2}
                  | (You found it on level 10 of a ziggurat)
 76271 | Zig:10   | Identified the +1 leather armour of the Marlin {rC+ Str+7
                  | Dex-5 Slay+2} (You found it on level 10 of a ziggurat)
 76390 | Zig:10   | Lost mutation: You are occasionally teleported next to
                  | monsters. [potion of mutation]
 76390 | Zig:10   | Lost mutation: You are agile. (Dex +2) [potion of mutation]
 76390 | Zig:10   | Lost mutation: You have large cloven feet. [potion of
                  | mutation]
 76390 | Zig:10   | Lost mutation: Your magical capacity is low. (-10% MP)
                  | [potion of mutation]
 76390 | Zig:10   | Gained mutation: You have very sharp teeth. [potion of
                  | mutation]
 76390 | Zig:10   | Gained mutation: You evolve. [potion of mutation]
 76390 | Zig:10   | Gained mutation: You have large cloven feet. [potion of
                  | mutation]
 76390 | Zig:10   | Gained mutation: Your flesh is heat resistant. (rF+)
                  | [potion of mutation]
 76393 | Zig:11   | Entered Level 11 of a ziggurat
 76407 | Zig:11   | Identified the +1 long sword "Amplified's Regret" {slice,
                  | Dex+3}
 76501 | Zig:11   | Identified the +1 pair of gloves of Giyr {Int+5} (You found
                  | it on level 11 of a ziggurat)
 76503 | Zig:11   | Identified Jyumir Piko's Collected Works on the Hurtful
                  | Snowflakes
 76534 | Zig:12   | Entered Level 12 of a ziggurat
 76544 | Zig:12   | Noticed an ancient lich
 76546 | Zig:12   | Gained mutation: Your magical capacity is low. (-10% MP) [a
                  | shining eye]
 76601 | Zig:12   | Killed an ancient lich
 76635 | Zig:12   | Identified the +1 plate armour of Bismykha {Str+2} (You
                  | found it on level 12 of a ziggurat)
 76907 | Zot:1    | Lost mutation: Your magical capacity is low. (-10% MP)
                  | [evolution]
 77042 | Zot:5    | Noticed dracomuter's ghost (legendary TrCK)
 77043 | Zot:5    | Found a transporter.
 77043 | Zot:5    | Found a transporter.
 77225 | Zot:5    | Noticed an ancient lich
 77243 | Zot:5    | Killed an ancient lich
 77256 | Zot:5    | Noticed an orb of fire
 77291 | Zot:5    | Killed an orb of fire
 77333 | Zot:5    | Reached skill level 15 in Spellcasting
 77338 | Zot:5    | Noticed an orb of fire
 77340 | Zot:5    | Noticed an orb of fire
 77350 | Zot:5    | Gained mutation: You occasionally shout uncontrollably at
                  | your foes. [an orb of fire]
 77368 | Zot:5    | Gained mutation: You are clumsy. (Dex -2) [an orb of fire]
 77374 | Zot:5    | Killed an orb of fire
 77417 | Zot:5    | Killed an orb of fire
 77972 | Zot:5    | Got the Orb of Zot
 78011 | Zot:5    | Learned a level 3 spell: Regeneration
 78014 | Zot:5    | Noticed Xoir the pandemonium lord
 78046 | Zot:5    | Gained mutation: You tend to lose your temper in combat. [a
                  | cacodemon]
 78050 | Zot:5    | Killed Xoir the pandemonium lord
 78161 | Zot:3    | Lost mutation: You evolve. [potion of mutation]
 78161 | Zot:3    | Lost mutation: You occasionally shout uncontrollably at
                  | your foes. [potion of mutation]
 78161 | Zot:3    | Gained mutation: Your mind is acute. (Int +2) [potion of
                  | mutation]
 78161 | Zot:3    | Gained mutation: You have an increased reservoir of magic.
                  | (+10% MP) [potion of mutation]
 78344 | Depths:2 | Noticed Xyugh the pandemonium lord
 78469 | D:12     | Noticed Biunoleo the pandemonium lord
 78492 | D:12     | Killed Biunoleo the pandemonium lord
 78674 | D:$      | Escaped with the Orb!

Levels and vault maps discovered:
D:1:      psy_arrival_spokes, layout_loops_ring, nrook_mini_backslash
D:2:      layout_loops_cross, nicolae_overflow_crystal_walls,
          chequers_ecumenical_altar_island, tso_altar
D:3:      layout_loops_ring, first_ration
D:4:      layout_basic, kennysheep_mini
D:5:      layout_loops_corners, grunt_temple_overflow_diamond
D:6:      layout_rooms, grunt_temple_overflow_growth_and_decay,
          overflow_temple_1_default, cheibrodos_worm_habitat,
          grunt_decor_one_mirror, uniq_grinder, uniq_duvessa
D:7:      kennysheep_slugbush, layout_basic, nicolae_qazlal_eye_of_the_storm,
          minmay_temple_entry_slanted
D:8:      cheibrodos_histonic, layout_basic, vehumet_crystals, uniq_grum
D:9:      minmay_gate_of_8, layout_cave_pools, serial_shops,
          kennysheep_mini_moat, trog_three_pillars_becter
D:10:     layout_roguey [special_room_orc], orc_0_dummy, grunt_pizzeria,
          grunt_potential
D:11:     layout_long_grid, david_lair_shrubbed, serial_shops, bzr_entry_water
D:12:     layout_cross, portal_ice_cave_entry_pillars_1, serial_shops, shop
D:13:     layout_loops_ring, grunt_vaults_entry_tiered, serial_shops, shop,
          lemuel_hellish_altar
D:14:     layout_rooms, minmay_misc_feat_iff, uniq_jorgrun
D:15:     grunt_enter_depths_hoard, layout_stronghold, amethyst_killhole,
          minmay_increasing_density
Lair:1:   layout_cave_shapes, chequers_serial_rivers_small_3, st_stairs_3,
          uniq_fannar
Lair:2:   layout_cave_pods, beast_lair_carwin_2
Lair:3:   layout_chaotic_city, minmay_swamp_entry_reptiles,
          gammafunk_lair_bear_cave
Lair:4:   layout_roguey, spider_nest_entry_web_field, grunt_megastairs_4
Lair:5:   layout_layer_cave, slime_altar_1, enter_volcano_4,
          chequers_serial_rivers_large_a
Lair:6:   hangedman_lair_caniforms_friends, layout_misc_corridors,
          eino_small_chamber_without_monster, serial_bayou_lagoon_a, uniq_sonja,
          uniq_snorg, uniq_rupert
Swamp:1:  layout_basic_swamp, nicolae_swamp_dense_foliage, swamp_pool1
Swamp:2:  layout_falls_marsh, lemuel_altar_in_water, infiniplex_staircase_pool,
          uniq_roxanne
Swamp:3:  layout_basic_swamp, hangedman_swamp_ruin_wall, swamp_pool1, uniq_aizul
Swamp:4:  swamp_basic_johnstein, layout_basic_swamp, swamp_pool1
Spider:1: layout_spider_delve, nicolae_spider_webbed_stairs
Spider:2: cheibrodos_spider_deadly_dance, nicolae_spider_stair_cavern,
          nicolae_spider_cling_halls, uniq_nikola, uniq_arachne
Spider:3: layout_spider_delve, uniq_agnes
Spider:4: grunt_spider_rune_circles, gammafunk_ghost_berserking_beasts,
          drop_trap, uniq_louise, uniq_asterion
Slime:1:  cheibrodos_slime_lost_civilization_10, layout_caves
Slime:2:  layout_caves, nicolae_slime_welcoming_committee
Slime:3:  cheibrodos_slime_lost_civilization_3, layout_caves
Slime:4:  layout_caves
Slime:5
Orc:1:    layout_caves, enter_bailey_1, serial_shops, shop,
          nicolae_orc_bridge_out
Orc:2:    st_orc_congregation, layout_diamond_mine, basic_altar, uniq_donald,
          uniq_josephine
Elf:1:    layout_loops_cross, serial_shops, nicolae_shop_statue_plus,
          nicolae_shop_trees, nicolae_shop_statue_plus, minivault_28
Elf:2:    layout_onion_city, lemuel_elevator
Elf:3:    elf_hall_gauntlet_wide, layout_geoelf_grid, drop_trap, uniq_mara
Vaults:1: nicolae_vaults_mini_display_case, v_misc_29, hangedman_vaults_slither,
          vaults_mumra_chevron, v_misc_13, nicolae_vaults_asterisk,
          layout_vaults_quadrants
Vaults:2: v_misc_29, ontoclasm_vaults_idyll, grunt_vaults_focal,
          grunt_vaults_hallway_short, v_misc_17, nicolae_vaults_hallways_thing,
          v_misc_27, v_misc_22, hangedman_vaults_nails, ontoclasm_vaults_spin,
          vaults_dpeg_encased_lava, hangedman_vaults_nodes,
          nicolae_vaults_little_ls, grunt_vaults_diagonal, layout_vaults_maze
Vaults:3: v_misc_24, hangedman_vaults_stretched_pinwheel,
          minmay_crypt_entry_vampire_xt, vaults_room_pools,
          vaults_standard_mumra_x, nicolae_vaults_border_crossing, v_misc_15,
          ontoclasm_vaults_pinch, vaults_standard_mumra_lines,
          vaults_room_fancy_cross, vaults_room_hallway, vaults_dpeg_spiral,
          nicolae_vaults_shelves_hall, vaults_room_corners, layout_vaults_ring
Vaults:4: vaults_room_octagon, v_misc_5, nicolae_vaults_triangles,
          ontoclasm_vaults_twist, v_misc_5, v_misc_27, v_pattern_1,
          layout_vaults_omnicross, serial_shops, shop
Vaults:5: serial_shops, uniq_jory, uniq_saint_roka
Crypt:1:  layout_chaotic_city
Crypt:2:  layout_chaotic_city, minivault_19, nicolae_crypt_twisting_catacombs
Crypt:3:  quadcrypt_mu
Depths:1: layout_gridlike, hell_entry, abyss_entry, minmay_holes,
          kennysheep_nondescript, lightli_fourway_metalbox
Depths:2: mu_elephants_graveyard, layout_twisted_cross, hell_entry,
          evilmike_ruin_ashenzari, serial_shops, nicolae_shop_trees,
          minmay_misc_feat_tower, st_stairs_5, infiniplex_staircase_zigzag_3
Depths:3: hangedman_arch_fort, layout_long_grid, rand_demon_pan_entry_4,
          hell_entry, ploomutoo_gammafunk_ghost_potion_laboratory,
          serial_bayou_shore_b
Depths:4: hangedman_crystal_crosses_colossus [crystal_crosses_arms_four,
          crystal_crosses_arms_two, crystal_crosses_arms_two,
          crystal_crosses_arms_one], abyss_entry, hell_entry, serial_shops
Depths:5: grunt_zot_entry_tricorne, layout_long_grid, enter_ziggurat_e,
          abyss_entry_small_statue_room, grunt_mini_vestibule,
          minmay_misc_feat_ornament, grunt_megastairs_2
Hell
Zot:1:    layout_basic
Zot:2:    layout_basic, zot_minivault_5, uniq_tiamat
Zot:3:    layout_cathedral_of_symmetry, zot_minivault_1
Zot:4:    layout_misc_corridors, skrybe_zot_glass_2
Zot:5:    layout_misc_corridors, gammafunk_ghost_arena

Skill      XL: |  1  2  3  4  5  6  7  8  9 10 11 12 13 14 15 16 17 18 19 20 21 22 23 24 25 26 27 |
---------------+----------------------------------------------------------------------------------+-----
Fighting       | 1 2 3 4 5 7 8 10 12 14 16 18 19 20 21 22 23 24 26 27 | 27.0
Maces & Flails | 1 |  1.0
Slings         | 1 2 3 5 6 7 9 10 11 12 13 14 | 14.5
Poison Magic   | 4 7 8 11 13 | 13.6
Shields        | 1 2 3 4 6 7 8 12 15 18 21 | 21.9
Invocations    | 2 3 5 6 8 10 12 14 15 17 18 19 21 22 23 24 25 27 | 27.0
Armour         | 2 7 10 12 14 15 18 | 18.9
Dodging        | 2 7 10 | 10.1
Air Magic      | 2 |  2.1
Spellcasting   | 6 8 15 | 15.9
Necromancy     | 6 7 |  7.8
Fire Magic     | 7 11 17 | 17.4
Polearms       | 12 | 12.4
Axes           | 16 | 16.8
Stealth        | |  1.7
Conjurations   | |  1.0

Action                   |  1- 3 |  4- 6 |  7- 9 | 10-12 | 13-15 | 16-18 | 19-21 | 22-24 | 25-27 || total
-------------------------+-------+-------+-------+-------+-------+-------+-------+-------+-------++-------
Melee: Mace              |    32 |    32 |       |       |       |       |       |       |       ||    64
       Unarmed           |     1 |       |       |       |       |       |       |       |       ||     1
       Fustibalus        |       |       |       |       |     4 |     2 |     3 |       |     9 ||    18
       Headbutt          |       |       |       |       |     3 |     1 |     5 |     5 |  1056 ||  1070
       Demon whip        |       |       |       |       |     4 |       |       |       |       ||     4
       Eveningstar       |       |       |       |       |     2 |       |    13 |    15 |   251 ||   281
       Broad axe         |       |       |       |       |       |       |       |       |  3659 ||  3659
       Bite              |       |       |       |       |       |       |       |       |   108 ||   108
 Fire: Hunting sling     |    37 |   199 |   299 |   847 |       |       |       |       |       ||  1382
       Fustibalus        |       |       |       |     6 |  1468 |  1816 |  2146 |  2346 |  1895 ||  9677
Throw: Throwing net      |       |       |       |       |       |       |       |     1 |       ||     1
       Dart              |       |       |       |       |       |       |       |       |     2 ||     2
 Cast: Sting             |    16 |       |       |       |       |       |       |       |       ||    16
       Apportation       |       |       |       |       |       |       |       |     4 |       ||     4
       Regeneration      |       |       |       |       |       |       |       |       |     1 ||     1
Invok: Deal Four         |       |       |       |       |       |       |       |       |     2 ||     2
 Abil: Draw Destruction  |       |       |    16 |    22 |    55 |    54 |    61 |    64 |    92 ||   364
       Draw Summoning    |       |       |     1 |       |     3 |     1 |     3 |    13 |    21 ||    42
       Draw Escape       |       |       |       |       |       |       |     1 |     2 |    13 ||    16
Evoke: Wand              |       |     2 |    17 |       |     3 |     1 |     1 |     6 |    18 ||    48
       Lamp of fire      |       |       |       |       |       |       |       |     1 |     5 ||     6
       Phantom mirror    |       |       |       |       |       |       |       |       |     3 ||     3
  Use: Scroll            |     2 |     9 |     7 |    12 |    12 |    12 |    11 |    24 |    50 ||   139
       Potion            |     1 |     1 |     3 |     3 |     2 |     3 |    10 |     9 |    54 ||    86
 Stab: Paralysed         |       |       |       |       |       |       |       |       |     8 ||     8
       Distracted        |       |       |       |       |       |       |       |       |     2 ||     2
       Confused          |       |       |       |       |       |       |       |       |     2 ||     2
  Eat: Chunk             |     1 |     6 |     4 |     5 |    15 |     8 |    15 |     8 |    16 ||    78
       Ration            |       |     1 |     2 |     4 |     6 |     7 |     4 |     8 |    17 ||    49
Armor: Robe              |     9 |       |       |       |       |       |       |       |       ||     9
       Ring mail         |     4 |    30 |    40 |     5 |       |       |       |       |       ||    79
       Skin              |       |    26 |       |       |       |       |       |       |     5 ||    31
       Chain mail        |       |       |       |   168 |   259 |   597 |   446 |   511 |  1114 ||  3095
       Scale mail        |       |       |       |       |     8 |       |       |       |       ||     8
       Gold dragon scale |       |       |       |       |       |       |       |       |   593 ||   593
Dodge: Dodged            |    34 |    35 |    56 |   142 |   179 |   231 |   343 |   297 |   849 ||  2166
Block: Buckler           |       |    19 |    16 |   138 |   260 |   431 |   421 |    89 |       ||  1374
       Reflection        |       |       |       |       |    18 |    12 |    46 |    77 |   148 ||   301
       Large shield      |       |       |       |       |       |       |       |  1394 |  5458 ||  6852
